 Dungeon Crawl Stone Soup version 0.31-a0-986-g5e6e4ef867 (webtiles) character file.

Game seed: 18292356332237721129

74159 Pooter the Marksminotaur (level 15, -2/204 HPs)
             Began as a Minotaur Berserker on Nov 18, 2023.
             Was a High Priest of Trog.
             Killed by mirror damage (18 damage)
             ... on level 15 of the Dungeon.
             The game lasted 02:25:54 (28541 turns).

Pooter the Marksminotaur (Minotaur Berserker)      Turns: 28541, Time: 02:25:54

Health: -2/204     AC: 40    Str: 25    XL:     15   Next: 6%
Magic:  14/14      EV:  8    Int:  7    God:    Trog [*****.]
Gold:   878        SH:  0    Dex: 18    Spells: 14/14 levels left

rFire   . . .        a - +2 battleaxe (vamp)
rCold   . . .        (shield currently unavailable)
rNeg    . . .        Q - +15 Maxwell's patent armour {-Cast -Tele rElec Will+ rCorr}
rPois   +            (helmet restricted)
rElec   +            W - +2 cloak of Theory {rPois Will+++ rCorr Str-2}
rCorr   +            l - +2 pair of gloves
SInv    +            N - +2 pair of boots "Kidieb" {Int+3}
Will    +++++        X - amulet of the Garden {Will+ Regen+} Stlth
                     F - +6 ring of dexterity
HPRegen 2.34/turn    S - ring of see invisible
MPRegen 0.14/turn

%: no teleportation, no spellcasting, clarity
@: berserking, marked, strong-willed (expiring), regenerating (expiring), slowed
A: horns 2, retaliatory headbutt, iridescent scales 2, clarity
a: Renounce Religion, Berserk, Trog's Hand, Brothers in Arms


You were on level 15 of the Dungeon.
You worshipped Trog.
Trog was extremely pleased with you.
You visited 3 branches of the dungeon, and saw 22 of its levels.
You also visited: Ossuary, Bailey and Gauntlet.

You collected 1842 gold pieces.
You spent 964 gold pieces at shops.

Inventory:

Hand Weapons
 a - a +2 vampiric battleaxe (weapon)
   (You took it off a wight on level 9 of the Dungeon)
 b - a +4 arbalest of draining
   (You found it on level 7 of the Dungeon)
 G - a +3 broad axe of draining
   (You found it in a bailey)
 T - a +4 dire flail
   (You took it off a two-headed ogre on level 13 of the Dungeon)
Missiles
 r - 8 atropa-tipped darts
 w - 10 throwing nets {!f}
 D - 11 javelins
 L - 59 boomerangs (quivered)
 O - 11 curare-tipped darts
 R - 89 poisoned darts
Armour
 e - a +4 chain mail of positive energy
   (You found it on level 1 of the Dungeon)
 l - a +2 pair of gloves (worn)
   (You found it on level 7 of the Dungeon)
 s - a +2 chain mail of fire resistance
   (You took it off an orc knight on level 2 of the Orcish Mines)
 N - the +2 pair of boots "Kidieb" (worn) {Int+3}
   (You acquired it on level 8 of the Dungeon)

   Int+3:     It affects your intelligence (+3).
 Q - the +15 Maxwell's patent armour (worn) {-Cast -Tele rElec Will+ rCorr}
   (You found it on level 4 of the Lair of Beasts)

   rElec:     It insulates you from electricity.
   Will+:     It increases your willpower.
   -Cast:     It prevents spellcasting.
   -Tele:     It prevents most forms of teleportation.
   rCorr:     It protects you from acid and corrosion.
 W - the +2 cloak of Theory (worn) {rPois Will+++ rCorr Str-2}
   (You found it in a Gauntlet)

   Str-2:     It affects your strength (-2).
   rPois:     It protects you from poison Will+++: It greatly increases your
   willpower.
   rCorr:     It protects you from acid and corrosion.
Jewellery
 h - a ring of willpower
   (You found it on level 2 of the Dungeon)
 n - a ring of fire
   (You found it on level 1 of the Dungeon)
 C - a ring of resist corrosion
   (You took it off a gnoll bouda on level 5 of the Dungeon)
 E - a ring of flight
   (You found it on level 4 of the Lair of Beasts)
 F - a +6 ring of dexterity (left hand)
   (You found it on level 7 of the Dungeon)
 I - a ring of protection from cold
   (You found it on level 5 of the Dungeon)
 K - a +4 ring of protection
   (You found it on level 5 of the Dungeon)
 P - an amulet of reflection
   (You found it on level 5 of the Lair of Beasts)
 S - a ring of see invisible (right hand)
   (You found it on level 2 of the Lair of Beasts)
 X - the amulet of the Garden (around neck) {Will+ Regen+}
   (You found it in a Gauntlet)

   [amulet of regeneration]

   Will+:     It increases your willpower.
   Regen+:    It increases your rate of health regeneration.
 Z - the amulet "Jouss" {Spirit rN+ Int+5}
   (You found it on level 5 of the Dungeon)

   [amulet of guardian spirit]

   Spirit:    It causes incoming damage to be divided between your reserves of
   health and magic.
   Int+5:     It affects your intelligence (+5).
   rN+:       It protects you from negative energy.
Wands
 c - a wand of polymorph (4)
   (You took it off Ijyb on level 3 of the Dungeon)
 d - a wand of iceblast (5)
   (You found it on level 2 of the Dungeon)
 f - a wand of flame (34)
   (You found it on level 5 of the Dungeon)
 u - a wand of paralysis (16)
   (You found it on level 4 of the Dungeon)
 x - a wand of acid (4)
   (You found it on level 12 of the Dungeon)
Scrolls
 g - 4 scrolls of fog
 i - 7 scrolls of identify {@r1}
 j - a scroll of blinking
 k - 2 scrolls of fear
 p - 5 scrolls of immolation {!r}
 t - 4 scrolls of teleportation {@r4}
 y - a scroll of butterflies
 z - a scroll of poison
 J - a scroll of noise {!r}
 V - 2 scrolls of vulnerability {!r}
Potions
 m - 4 potions of haste {@q3}
 o - 9 potions of curing {@q1}
 q - 5 potions of enlightenment
 v - 3 potions of heal wounds {@q2}
 A - 3 potions of might
 B - 6 potions of mutation {!q}
 H - 2 potions of resistance
 M - 3 potions of attraction {!q}
 U - 2 potions of lignification {!q}
Miscellaneous
 Y - a condenser vane
   (You found it in a Gauntlet)


   Skills:
 + Level 13.5 Fighting
 * Level 16.5(17.3) Axes
 - Level 9.0(13.8) Polearms
 * Level 16.6 Ranged Weapons
 + Level 8.3 Throwing
 + Level 4.3 Armour
 - Level 2.1 Dodging
 - Level 1.7 Stealth
 - Level 5.0 Shields
 + Level 6.1 Evocations


You had 14 spell levels left.
You didn't know any spells.
Your spell library was empty.

Dungeon Overview and Level Annotations

Branches:
Dungeon (14/15) Zot: 26644  Temple (0/1) D:6            Lair (5/5) D:9 Zot: 24484
 Shoals (0/4) Lair:2        Snake (0/4) Lair:2        Slime (0/5) Lair:5
    Orc (2/2) D:9 Zot: 3958     Elf (0/3) Orc:2       Ossuary (visited)
 Bailey (visited)         Gauntlet (visited)
 Vaults: D:13-14

Altars:
Elyvilon
Nemelex Xobeh
Wu Jian

Shops:
D:3 [   D:12 =   D:13 *   D:14 =(   Orc:1 !   Orc:2 *[=?[


Innate Abilities, Weirdness & Mutations

You have a pair of horns on your head.
You reflexively headbutt those who attack you in melee.
You are mostly covered in iridescent scales. (AC +4)
You possess an exceptional clarity of mind.


Message History

The manticore claws you but does no damage. x2
A red film seems to cover your vision as you go berserk!
You feel yourself moving faster!
You feel mighty!
The death knight hits you from afar with a +2 halberd.
* * * LOW HITPOINT WARNING * * *
The manticore barely misses you.
The manticore claws you but does no damage.
The manticore closely misses you.
You slice the manticore!!
The death knight hits you from afar with a +2 halberd!
* * * LOW HITPOINT WARNING * * *
The manticore bites you but does no damage.
The manticore claws you but does no damage. x2
You slice the manticore!!
You feel better.
You feel the power of Trog in you as your rage grows.
You kill the manticore!
Trog accepts your kill.
The death knight hits you but does no damage.
You barely miss the freezing wraith.
The death knight hits you from afar with a +2 halberd!
* * * LOW HITPOINT WARNING * * *
You chop the freezing wraith into pieces!!!
You feel the power of Trog in you as your rage grows.
You destroy the freezing wraith!
Trog accepts your kill.
You hit the freezing wraith. You headbutt the freezing wraith!
The death knight hits you but does no damage.
The freezing wraith closely misses you. The freezing wraith hits you.
* * * LOW HITPOINT WARNING * * *
The freezing wraith drains your vigour!
You feel as though you will be slow longer.
You slash the freezing wraith!
The death knight hits you from afar with a +2 halberd.
* * * LOW HITPOINT WARNING * * *
The freezing wraith closely misses you. You furiously retaliate!
You headbutt the freezing wraith!!
The freezing wraith hits you but does no damage.
You slice the freezing wraith!!
You destroy the freezing wraith!
Trog accepts your kill.
The death knight offers itself to Yredelemnul, and fills with unholy energy.
You feel the effects of Trog's Hand fading.
The death knight attacks as it pursues you!
The death knight hits you but does no damage.
You feel a strong urge to attack something.
The death knight hits you with a +2 halberd!
* * * LOW HITPOINT WARNING * * *
You hit the death knight.
You feel better.
You headbutt the death knight!!
The death knight reflects your damage back at you!
You die...

######.#†.# #.#†.# .
#.#..####. #.#.......
#.....##.# #####
#.....##.# #...##
#....†...# #. #....#
#........# #..## #.@..+
#........#
#.....##p#######.#......#
#................#...##..
#.............#..........
#..#..........#..........
#........................
########################


You could see a death knight (reflects damage).

Vanquished Creatures
  A minotaur (Gauntlet)
  A dire elephant (Lair:5)
  Josephine (Lair:3)
  Fannar (D:12)
  3 hydras
  Erica (D:8)
  2 boulder beetles
  2 catoblepae
  A merfolk avatar (Lair:5)
  4 two-headed ogres
  4 centaur warriors (D:13)
  An anaconda (D:13)
  3 death yaks (Lair:5)
  4 orc high priests (Orc:2)
  Sonja (Lair:3)
  2 sixfirhies (Gauntlet)
  3 skysharks (Lair:5)
  The ghost of R007833r the Trooper, a novice DsSh of Hepliaklqana (D:7)
  4 orc knights
  Pikel (D:7)
  3 deep elf pyromancers
  An orc sorcerer (Orc:2)
  A salamander (Lair:2)
  5 ugly things
  3 cyclopes
  5 manticores
  2 elephants (Lair:5)
  An apocalypse crab (Gauntlet)
  4 black mambas
  An ice statue (Lair:4)
  A naga mage (D:13)
  2 gargoyles
  7 cane toads
  Jeremiah (D:6)
  5 rime drakes
  5 komodo dragons
  An efreet (D:15)
  A tengu conjurer (D:15)
  3 freezing wraiths (D:15)
  7 trolls
  A wind drake (Lair:5)
  5 polar bears
  23 blink frogs
  2 hornets
  Prince Ribbit (D:7)
  11 dream sheep
  2 snapping turtles (Lair:5)
  Sigmund (D:6)
  7 slime creatures
  5 wraiths
  2 vampires (D:10)
  41 yaks
  6 wyverns
  2 basilisks
  2 steam dragons
  Edmund (D:6)
  4 wargs
  2 acid dragons
  14 water moccasins
  3 sky beasts
  Duvessa (D:4)
  32 orc warriors
  An ice beast (D:7)
  17 centaurs
  8 ogres
  19 wolves
  A lemure (D:7)
  A phantom (D:5)
  12 kobold brigands
  10 bullfrogs
  5 scorpions
  7 wights
  4 killer bees (D:9)
  5 electric eels
  2 howler monkeys
  4 lava snakes (Lair:2)
  5 quasits (D:7)
  2 centaur zombies (Ossuary)
  A human zombie (Ossuary)
  A gnoll bouda (D:5)
  6 hounds
  29 orc priests
  Crazy Yiuf (D:3)
  5 jellies
  An iguana (D:6)
  4 sleepcaps
  Jessica (D:3)
  Ijyb (D:3)
  30 orc wizards
  2 mummies (Ossuary)
  6 gnolls
  8 adders
  3 shadow imps (D:8)
  A white imp (D:7)
  2 adder zombies (Ossuary)
  A worm (D:2)
  2 dart slugs
  86 orcs
  10 endoplasms
  23 goblins
  6 hobgoblins
  2 jackals (D:4)
  43 kobolds
  7 quokkas
  5 ball pythons
  8 bats
  7 frilled lizards
  4 goblin zombies (Ossuary)
  10 hobgoblin zombies (Ossuary)
  A jackal zombie (Ossuary)
  8 kobold zombies (Ossuary)
  8 orc zombies (Ossuary)
  7 rats
  A rat zombie (Ossuary)
712 creatures vanquished.

Vanquished Creatures (others)
  A black mamba (D:13)
  5 kobolds (D:9)
6 creatures vanquished.

Grand Total: 718 creatures vanquished

Notes
Turn   | Place    | Note
-------+----------+-------------------------------------------
     0 | D:1      | Pooter the Minotaur Berserker began the quest for the Orb.
     0 | D:1      | Reached XP level 1. HP: 19/19 MP: 0/0
   108 | D:1      | Reached XP level 2. HP: 19/27 MP: 1/1
   197 | D:1      | Reached skill level 1 in Stealth
   365 | D:1      | Reached ** piety under Trog
   374 | D:1      | Reached XP level 3. HP: 26/33 MP: 2/2
   947 | D:2      | Reached XP level 4. HP: 32/40 MP: 3/3
  1201 | D:2      | Reached skill level 1 in Ranged Weapons
  1361 | D:2      | Reached skill level 5 in Axes
  1372 | D:2      | Reached *** piety under Trog
  1668 | D:3      | Noticed Jessica
  1685 | D:3      | Killed Jessica
  1686 | D:3      | Reached XP level 5. HP: 47/47 MP: 4/4
  1912 | D:3      | Noticed Ijyb
  1940 | D:3      | Killed Ijyb
  2090 | D:3      | Found a faded altar of an unknown god.
  2388 | D:3      | Found Cosaf's Armour Shop.
  2635 | D:3      | Identified the +8 long sword "Tununumi" {heavy, rC+++ MP-9
                  | Str+6 Int-4}
  2785 | D:3      | Found a runed translucent door.
  2786 | D:3      | Noticed Crazy Yiuf
  2793 | D:3      | Killed Crazy Yiuf
  3021 | D:4      | Found a white marble altar of Elyvilon.
  3024 | D:4      | Reached XP level 6. HP: 51/53 MP: 5/5
  3024 | D:4      | Noticed an orc warrior
  3037 | D:4      | Killed an orc warrior
  3038 | D:4      | Reached skill level 1 in Evocations
  3041 | D:4      | Reached skill level 5 in Fighting
  3347 | D:4      | Found a sand-covered staircase.
  3395 | Ossuary  | Entered an ossuary
  3542 | Ossuary  | Reached **** piety under Trog
  3543 | Ossuary  | Reached XP level 7. HP: 56/61 MP: 6/6
  3725 | D:4      | Noticed Duvessa
  3725 | D:4      | Noticed Dowan
  3731 | D:4      | Killed Duvessa
  3736 | D:4      | Dowan changed into Dowan the centaur
  3736 | D:4      | Noticed Dowan
  3740 | D:4      | Killed Dowan the centaur
  3941 | D:5      | Entered Level 5 of the Dungeon
  3961 | D:5      | Identified the amulet "Jouss" {Spirit rN+ Int+5}
  4241 | D:5      | Found an ornate altar of the Wu Jian Council.
  4306 | D:5      | Reached skill level 5 in Ranged Weapons
  4521 | D:5      | Reached XP level 8. HP: 66/70 MP: 7/7
  4919 | D:6      | Identified the +1 dagger of a sewer {freeze, *Rage rC+ rN+
                  | rCorr}
  4990 | D:6      | Reached skill level 1 in Shields
  5020 | D:6      | Noticed Jeremiah
  5087 | D:6      | Noticed Edmund
  5107 | D:6      | Killed Edmund
  5201 | D:6      | Killed Jeremiah
  5202 | D:6      | Reached XP level 9. HP: 40/78 MP: 3/8
  5359 | D:6      | Found a staircase to the Ecumenical Temple.
  5403 | D:6      | Noticed Sigmund
  5404 | D:6      | Reached skill level 1 in Polearms
  5407 | D:6      | Killed Sigmund
  6090 | D:7      | Noticed Pikel
  6101 | D:7      | Killed Pikel
  6385 | D:7      | Noticed a two-headed ogre
  6543 | D:8      | Reached skill level 5 in Polearms
  6609 | D:8      | Killed a two-headed ogre
  6610 | D:8      | Reached XP level 10. HP: 78/88 MP: 4/9
  6971 | D:7      | Noticed Prince Ribbit
  6974 | D:7      | Killed Prince Ribbit
  6975 | D:7      | Reached skill level 5 in Shields
  7025 | D:7      | Found a transporter.
  7039 | D:7      | Noticed R007833r's ghost (novice DsSh)
  7051 | D:7      | Found a transporter.
  7691 | D:7      | Killed R007833r's ghost
  7779 | D:8      | Noticed Erica
  7800 | D:8      | Killed Erica
  7801 | D:8      | Reached skill level 10 in Ranged Weapons
  7914 | D:8      | Identified a scroll of acquirement
  7914 | D:8      | Acquired the +2 pair of boots "Kidieb" {Int+3}
  8660 | D:9      | Reached XP level 11. HP: 97/97 MP: 10/10
  8665 | D:9      | Found a sparkling altar of Nemelex Xobeh.
  8734 | D:9      | Found a flagged portal.
  8759 | Bailey   | Entered a bailey
  8884 | Bailey   | Noticed an orc knight
  8902 | Bailey   | Killed an orc knight
  8903 | Bailey   | Reached skill level 1 in Throwing
  8905 | Bailey   | Reached ***** piety under Trog
  8969 | Bailey   | Found a burning altar of Makhleb.
  9043 | D:9      | Found a staircase to the Orcish Mines.
  9651 | D:9      | Found a staircase to the Lair.
  9732 | D:10     | Entered Level 10 of the Dungeon
  9751 | D:10     | Reached skill level 10 in Axes
 10013 | D:10     | Noticed a two-headed ogre
 10019 | D:10     | Killed a two-headed ogre
 10274 | D:10     | Reached skill level 10 in Fighting
 10531 | Orc:1    | Entered Level 1 of the Orcish Mines
 10535 | Orc:1    | Noticed an orc knight
 10601 | D:9      | Killed an orc knight
 10685 | Orc:1    | Noticed an orc knight
 10802 | D:9      | Killed an orc knight
 11121 | Orc:2    | Entered Level 2 of the Orcish Mines
 11130 | Orc:2    | Found Lileor's General Store.
 11288 | Orc:2    | Reached XP level 12. HP: 107/107 MP: 11/11
 11361 | Orc:2    | Bought a scroll of brand weapon for 152 gold pieces
 11361 | Orc:2    | Bought a wand of iceblast (3) for 115 gold pieces
 11361 | Orc:2    | Bought a potion of attraction for 48 gold pieces
 12852 | Orc:2    | Noticed an orc high priest
 15517 | Orc:2    | Noticed an orc high priest
 15526 | Orc:2    | Killed an orc high priest
 15555 | Orc:1    | Found Momah's Distillery.
 16044 | Orc:1    | Bought a potion of curing for 33 gold pieces
 16044 | Orc:1    | Bought a potion of curing for 33 gold pieces
 16044 | Orc:1    | Bought a potion of heal wounds for 55 gold pieces
 16044 | Orc:1    | Bought a potion of might for 44 gold pieces
 16044 | Orc:1    | Bought a potion of resistance for 110 gold pieces
 16758 | Orc:2    | Noticed an orc high priest
 16769 | Orc:2    | Killed an orc high priest
 17716 | Orc:2    | Found a staircase to the Elven Halls.
 18385 | Orc:2    | Killed an orc high priest
 18425 | Orc:2    | Noticed an orc high priest
 18433 | Orc:2    | Gained mutation: You are frail. (-10% HP) [a neqoxec]
 18436 | Orc:2    | Killed an orc high priest
 18500 | Orc:2    | Found Pivus's Jewellery Boutique.
 18500 | Orc:2    | Found Kohesa's Armour Shop.
 18500 | Orc:2    | Found Piegrat's Magic Scroll Shop.
 18504 | Orc:2    | Found Bumu's Armour Boutique.
 18515 | Orc:2    | Bought a scroll of identify for 28 gold pieces
 18769 | Orc:2    | Bought a ring of poison resistance for 320 gold pieces
 18821 | Lair:1   | Entered Level 1 of the Lair of Beasts
 18937 | Lair:1   | Reached skill level 5 in Throwing
 19038 | Lair:1   | Found a gate leading to a gauntlet.
 19047 | Gauntlet | Entered a Gauntlet
 19047 | Gauntlet | Found a transporter.
 19055 | Gauntlet | Found a runed translucent door.
 19056 | Gauntlet | Found a transporter.
 19057 | Gauntlet | Found a runed translucent door.
 19064 | Gauntlet | Found a transporter.
 19064 | Gauntlet | Found a transporter.
 19074 | Gauntlet | Identified the +2 cloak of Theory {rPois Will+++ rCorr
                  | Str-2}
 19085 | Gauntlet | Noticed a green death
 19320 | Gauntlet | Found a transporter.
 19327 | Gauntlet | Identified the amulet of the Garden {Will+ Regen+}
 19345 | Gauntlet | Noticed a minotaur
 19356 | Gauntlet | Killed a minotaur
 19428 | Lair:1   | Identified the +7 long sword of Nip Xetz {freeze, rElec
                  | Str+2}
 19550 | Lair:1   | Reached XP level 13. HP: 83/104 MP: 12/12
 20034 | Lair:2   | Found a staircase to the Snake Pit.
 20050 | Lair:2   | Identified the +0 robe of Daxtuter {Harm rPois}
 20321 | Lair:2   | Found a staircase to the Shoals.
 20737 | Lair:3   | Noticed Josephine
 20796 | Lair:3   | Killed Josephine
 20796 | Lair:3   | Received a gift from Trog
 21403 | Lair:3   | Noticed Sonja
 21417 | Lair:3   | Killed Sonja
 21893 | Lair:4   | Reached skill level 15 in Ranged Weapons
 22347 | Lair:4   | Lost mutation: You are frail. (-10% HP) [potion of
                  | mutation]
 22347 | Lair:4   | Gained mutation: You have sharp fingernails. [potion of
                  | mutation]
 22347 | Lair:4   | Lost mutation: You have sharp fingernails. [potion of
                  | mutation]
 22347 | Lair:4   | Gained mutation: Your mind is acute. (Int +4, Str/Dex -1)
                  | [potion of mutation]
 22347 | Lair:4   | Gained mutation: You are somewhat resistant to further
                  | mutation. [potion of mutation]
 22348 | Lair:4   | Lost mutation: Your mind is acute. (Int +4, Str/Dex -1)
                  | [potion of mutation]
 22348 | Lair:4   | Lost mutation: You are somewhat resistant to further
                  | mutation. [potion of mutation]
 22348 | Lair:4   | Gained mutation: Your body sometimes deteriorates upon
                  | taking damage. [potion of mutation]
 22348 | Lair:4   | Gained mutation: You have a pair of large horns on your
                  | head. [potion of mutation]
 22349 | Lair:4   | Lost mutation: Your body sometimes deteriorates upon taking
                  | damage. [potion of mutation]
 22349 | Lair:4   | Lost mutation: You have a pair of large horns on your head.
                  | [potion of mutation]
 22349 | Lair:4   | Gained mutation: You are robust. (+10% HP) [potion of
                  | mutation]
 22349 | Lair:4   | Gained mutation: You have sharp toenails. [potion of
                  | mutation]
 22350 | Lair:4   | Lost mutation: You have sharp toenails. [potion of
                  | mutation]
 22350 | Lair:4   | Lost mutation: You are robust. (+10% HP) [potion of
                  | mutation]
 22350 | Lair:4   | Gained mutation: You are partially covered in iridescent
                  | scales. (AC +2) [potion of mutation]
 22350 | Lair:4   | Gained mutation: You possess an exceptional clarity of
                  | mind. [potion of mutation]
 22350 | Lair:4   | Gained mutation: You are mostly covered in iridescent
                  | scales. (AC +4) [potion of mutation]
 22671 | Lair:4   | Found the +15 Maxwell's patent armour {-Cast -Tele rElec
                  | Will+ rCorr}
 22706 | Lair:4   | Identified the +0 leather armour of Imperfection {rF+ rN+}
 22760 | Lair:5   | Entered Level 5 of the Lair of Beasts
 22814 | Lair:5   | Reached skill level 15 in Axes
 22883 | Lair:5   | Reached XP level 14. HP: 101/127 MP: 13/13
 23208 | Lair:5   | Found a staircase to the Slime Pits.
 23336 | Lair:5   | Reached skill level 5 in Evocations
 23516 | Lair:5   | Received a gift from Trog
 25928 | D:12     | Noticed Fannar
 25957 | D:12     | Killed Fannar
 26698 | D:12     | Found Odazosmy's One-of-a-Kind Rings.
 27624 | D:13     | Found Coloywuh's Serpentskin Sales.
 27652 | D:13     | Bought 2 curare-tipped darts for 26 gold pieces
 27980 | D:13     | Received a gift from Trog
 28132 | D:14     | Found Kupn's Antique Weapon Boutique.
 28180 | D:14     | Found Wirul's Jewellery Shop.
 28198 | D:14     | You fall into a shaft and drop 1 floor!
 28198 | D:15     | Entered Level 15 of the Dungeon
 28434 | D:15     | Reached XP level 15. HP: 136/136 MP: 14/14
 28541 | D:15     | Killed by mirror damage

Illustrated notes

Levels and vault maps discovered:
D:1:      minmay_arrival_open_corners, layout_rooms, minmay_ruptured
D:2:      kennysheep_six_static_rooms, layout_basic
D:3:      kennysheep_the_goblin_king, layout_loops_ring, serial_shops,
          nicolae_shop_crystal, hellmonk_ecumenical_altar_run_dry,
          uniq_crazy_yiuf_cottage, uniq_jessica
D:4:      dreamdust_elfheim, layout_basic, mainiacjoe_overflow_small_starburst,
          nicolae_ossuary_entry_false_entrances, uniq_ijyb
D:5:      minmay_spotlight, layout_loops_ring, nicolae_wu_jian_glorious_leap,
          grunt_decor_fettered, minmay_misc_feat_four_crosses
D:6:      layout_basic, minmay_temple_entry_waves, uniq_edmund, uniq_jeremiah,
          uniq_sigmund
D:7:      layout_layer_cave, gammafunk_ghost_stat_death, uniq_prince_ribbit1,
          uniq_duvessa, uniq_pikel
D:8:      layout_cave_pools, uniq_erica
D:9:      layout_rooms, nemelex_altar_shiori, erik_lair_island, orc_0_dummy,
          enter_bailey_5
D:10:     layout_roguey
D:11:     layout_roguey
D:12:     layout_basic, nicolae_shop_unique_rings, minmay_fountain_box,
          dk_vineyard_1, moated_statue, dreamdust_mushroom_princess,
          minmay_unpleasant_kobolds, uniq_fannar
D:13:     layout_basic, minmay_hedge_maze, guppyfry_shop_venom
D:14:     layout_gridville, lightli_vaults_fourway_checkpoint,
          hangedman_abyss_or_decor_lesser_grid, serial_shops, bzr_entry_road,
          nicolae_square_shop, nicolae_shop_waterfront,
          nicolae_shop_bloodbath_and_beyond, shop, nrook_mini_vaults,
          minmay_door_square, minmay_misc_feat_doors, minmay_misc_feat_rugged
D:15:     grunt_enter_depths_hoard, layout_stronghold,
          nicolae_qazlal_scattered_showers, uniq_nessos
Lair:1:   layout_regular_city, gauntlet_entry_generic
Lair:2:   layout_long_grid, shoals_dummy_entry, nicolae_snake_entry_warm_welcome
Lair:3:   layout_regular_city, minivault_19, grunt_megastairs_2, uniq_sonja,
          uniq_josephine
Lair:4:   statuecave_lemuel, layout_regular_city
Lair:5:   gammafunk_lair_ancient_temple, layout_gridlike,
          minmay_slime_entry_pillars
Orc:1:    layout_caves, serial_shops, shop
Orc:2:    st_orc_mages, layout_diamond_mine, serial_shops, shop, mines5_lemuel

Skill      XL: |  1  2  3  4  5  6  7  8  9 10 11 12 13 14 |
---------------+-------------------------------------------+-----
Axes           | 4 5 6 7 9 11 13 15 16 | 16.5
Stealth        | 1 |  1.7
Fighting       | 4 5 6 7 9 10 11 12 13 | 13.5
Ranged Weapons | 1 2 3 5 7 9 10 12 14 15 16 | 16.6
Evocations     | 1 2 4 6 |  6.1
Shields        | 2 4 5 |  5.0
Polearms       | 5 8 9 |  9.0
Throwing       | 3 5 7 8 |  8.3
Armour         | 4 |  4.3
Dodging        | |  2.1

Action                     |  1- 3 |  4- 6 |  7- 9 | 10-12 | 13-15 || total
---------------------------+-------+-------+-------+-------+-------++-------
  Melee: Hand axe          |    89 |    33 |       |       |       ||   122
         Headbutt          |     8 |    14 |    45 |    76 |   105 ||   248
         Trident           |       |    98 |   265 |   157 |       ||   520
         Quarterstaff      |       |    22 |    22 |       |       ||    44
         Punch             |       |     1 |     1 |     9 |       ||    11
         Halberd           |       |       |       |    21 |     5 ||    26
         Broad axe         |       |       |       |   271 |    88 ||   359
         War axe           |       |       |       |    26 |       ||    26
         Battleaxe         |       |       |       |       |   381 ||   381
         Dire flail        |       |       |       |       |     8 ||     8
   Fire: Sling             |    16 |    71 |     3 |       |       ||    90
         Shortbow          |       |       |     3 |       |       ||     3
         Arbalest          |       |       |     4 |   278 |   238 ||   520
  Throw: Stone             |       |     2 |       |       |       ||     2
         Boomerang         |       |       |     3 |     5 |     9 ||    17
         Dart              |       |       |       |       |     2 ||     2
 Invoke: Berserk           |       |     5 |     8 |    17 |    11 ||    41
         Trog's Hand       |       |     2 |    11 |    17 |     3 ||    33
  Evoke: Wand              |       |     1 |     3 |    17 |     9 ||    30
    Use: Scroll            |       |       |    12 |    16 |     7 ||    35
         Potion            |       |       |     1 |     1 |     9 ||    11
   Stab: Paralysed         |       |       |     5 |     8 |       ||    13
         Confused          |       |       |     1 |       |       ||     1
         Petrified         |       |       |       |       |     6 ||     6
         Distracted        |       |       |       |       |     1 ||     1
 Armour: Animal skin       |    10 |       |       |       |       ||    10
         Chain mail        |    48 |   115 |   224 |   656 |   204 ||  1247
         Plate armour      |       |       |       |       |   564 ||   564
  Dodge: Dodged            |    33 |    62 |    83 |   354 |   259 ||   791
  Block: Tower shield      |       |       |    93 |       |       ||    93

Table legend: (Time is in decaauts)
 A = Elapsed time spent in this place.
 B = Non-inter-level travel time spent in this place.
 C = Inter-level travel time spent in this place.
 D = Time resting spent in this place.
 E = Time spent auto-exploring this place.
 F = Levels seen in this place.
 G = Mean time per level.
                   A        B        C        D        E       F      G
               +--------+--------+--------+--------+--------+-----+--------+
         Total |  29137 |  28299 |    838 |  12232 |  10387 |  25 | 1165.5 |
       Dungeon |  14611 |  14133 |    478 |   4243 |   6596 |  15 |  974.1 |
          Lair |   5515 |   5266 |    249 |   1177 |   2861 |   5 | 1103.0 |
  Orcish Mines |   8041 |   7931 |    110 |   6499 |    725 |   2 | 4020.5 |
       Ossuary |    319 |    319 |      0 |      0 |    134 |   1 |  319.0 |
        Bailey |    281 |    281 |      0 |     66 |     56 |   1 |  281.0 |
      Gauntlet |    368 |    368 |      0 |    244 |     14 |   1 |  368.0 |
               +--------+--------+--------+--------+--------+-----+--------+

Top non-repeatable levels by time:
   Orc:2: 6859 daAuts
  Lair:5: 1798 daAuts
    D:12: 1588 daAuts
     D:7: 1513 daAuts
     D:3: 1409 daAuts
     D:9: 1396 daAuts
  Lair:3: 1318 daAuts
   Orc:1: 1181 daAuts
    D:13: 1120 daAuts
     D:2: 1117 daAuts
     D:8: 1117 daAuts
     D:6: 1076 daAuts
     D:5: 1028 daAuts
  Lair:4: 938 daAuts
  Lair:1: 829 daAuts
